 Dungeon Crawl Stone Soup version 0.12.2-14-g7c90c79 (webtiles) character file.

203 MarVin the Skirmisher (level 4, 0/36 HPs)
             Began as a Demonspawn Fighter on Aug 5, 2013.
             Succumbed to a scorpion's poison
             ... on Level 3 of the Dungeon.
             The game lasted 00:06:08 (2304 turns).

MarVin the Skirmisher (Demonspawn Fighter)          Turns: 2304, Time: 00:06:08

HP   0/36        AC  8     Str 18      XL: 4   Next: 24%
MP   3/3         EV  4     Int  9      God:
Gold 119         SH 18     Dex 12      Spells:  0 memorised,  3 levels left

Res.Fire  : . . .   See Invis. : .   a - +0 hand axe {=f}
Res.Cold  : . . .   Warding    : .   q - +1 chain mail
Life Prot.: . . .   Conserve   : .   c - +0 shield
Res.Poison: .       Res.Corr.  : .   (no helmet)
Res.Elec. : .       Clarity    : .   (no cloak)
Sust.Abil.: . .     Spirit.Shd : .   (no gloves)
Res.Mut.  : .       Stasis     : .   (no boots)
Res.Rott. : .       Ctrl.Telep.: .   (no amulet)
Saprovore : . . .   Flight     : .   (no ring)
                                     (no ring)

@: quite poisoned, slightly resistant to hostile enchantments, extremely
unstealthy
A: spiny 1
a: no special abilities


You were on level 3 of the Dungeon.
You were hungry.

You visited 1 branch of the dungeon, and saw 3 of its levels.

You collected 99 gold pieces.

Inventory:

Hand weapons
 a - a +0,+0 hand axe (weapon) {=f}
Missiles
 x - 5 javelins (quivered)
Armour
 b - a +0 scale mail
 c - a +0 shield (worn)
 e - a +2 leather armour of poison resistance
 q - a +1 chain mail (worn)
 z - a +0 buckler
Comestibles
 d - 4 bread rations
 p - an apple
 w - a meat ration
Scrolls
 f - 7 scrolls of identify {unknown}
 g - 2 scrolls of magic mapping {unknown}
 h - 5 scrolls of teleportation {unknown}
 i - 2 scrolls of random uselessness {unknown}
 j - a scroll of curse weapon {unknown}
 t - a scroll of curse armour {unknown}
 u - a scroll of remove curse {unknown}
 y - a scroll of noise {unknown}
Potions
 l - a potion of restore abilities {unknown}
 m - a potion of slowing {unknown}
 n - a potion of paralysis {unknown}
 o - a potion of magic {unknown}
 r - a potion of speed
 s - a potion of flight {unknown}
 v - a potion of resistance {unknown}


   Skills:
 - Level 3.1 Fighting
 + Level 2.8 Axes
 - Level 3.0 Armour
 - Level 1.3 Dodging
 - Level 0.4 Stealth
 - Level 3.1 Shields


You had 3 spell levels left.
You didn't know any spells.

Dungeon Overview and Level Annotations

Branches:
Dungeon (3/27)

Altars:
Okawaru


Innate Abilities, Weirdness & Mutations

You are partially covered in sharp spines.


Message History

You are more poisoned.
The scorpion poisons you!
You hit the scorpion.
The scorpion is severely wounded.
* * * LOW HITPOINT WARNING * * *
You feel sick.
The scorpion stings you but does no damage.
You hit the scorpion.
The scorpion is almost dead.
* * * LOW HITPOINT WARNING * * *
You feel sick.
You feel a little better. The scorpion barely misses you.
You hit the scorpion.
You kill the scorpion!
You have reached level 4!
Your demonic ancestry asserts itself...
Sharp spines emerge from parts of your body.
You feel stronger.
You die...

#.....#.....#
.......###.###
#####..## #....
##(......... ###
##...#####... ..#
##.....## #... # #.#
#.......# #... #.##%#
#...>...#####.
#...@###........####.
####..........#......
#.####..#....####.
...# #.#_#.### ##
##### #..#..# #
#.....# # ####### #
### #..


There were no monsters in sight!

Vanquished Creatures
  A scorpion (D:3)
  2 adders
  A ball python (D:2)
  4 giant cockroaches
  8 goblins
  4 hobgoblins
  3 jackals (D:1)
  A quokka (D:3)
  7 bats
  2 giant newts (D:2)
  4 kobolds (D:2)
  4 rats
  A fungus (D:1)
42 creatures vanquished.

Notes
Turn   | Place    | Note
--------------------------------------------------------------
     0 | D:1      | MarVin, the Demonspawn Fighter, began the quest for the Orb.
     0 | D:1      | Reached XP level 1. HP: 18/18 MP: 0/0
   480 | D:1      | Reached XP level 2. HP: 20/24 MP: 1/1
  1249 | D:2      | Reached skill level 1 in Dodging
  1249 | D:2      | Reached XP level 3. HP: 26/30 MP: 2/2
  2109 | D:3      | HP: 1/30 [poisoned by a goblin]
  2273 | D:3      | Found an iron altar of Okawaru.
  2303 | D:3      | HP: 1/30 [poisoned by a scorpion]
  2304 | D:3      | Gained mutation: You are partially covered in sharp spines. [demonic ancestry]
  2304 | D:3      | Reached XP level 4. HP: 1/36 MP: 3/3
  2304 | D:3      | Succumbed to a scorpion's poison

Action                   |  1- 3 |  4- 6 || total
-------------------------+-------+-------++-------
Melee: Hand axe          |   211 |       ||   211
Throw: Javelin           |     5 |       ||     5
  Use: Potion            |     1 |       ||     1
